Map: Cerulean Fall LE

Players

TYTY (TY) - Winner!

  • Race: Terran Terran
  • League: Master
  • Spawn Location: 1:00

Classic

  • Race: Protoss Protoss
  • League: Master
  • Spawn Location: 7:00

Event: IEM Season 13 - Katowice Server Qualifiers Asia 2

VOD

Have the link to the VOD?

Description

Time

  • Played on: Jan. 22, 2019, 6:29 a.m.
  • Length: 12:33

All games in this series

Show
View Real Time Build Order
Export as new Build Order

TYTY Terran - Winner!

Build Orders: Reaper Expand 

Get SALT Encoding   

  12  0:00  SCV  
  13  0:12  SCV  
  14  0:19  Supply Depot  
  14  0:24  SCV  
  15  0:40  SCV  
  15  0:41  Barracks  
  16  0:45  Refinery  
  16  0:52  SCV  
  17  1:05  SCV  
  18  1:17  SCV  
  19  1:29  Reaper, Orbital Command  
  20  1:45  Command Center  
  20  1:50  Supply Depot  
  20  1:55  SCV  
  21  2:01  Marine  
  21  2:06  Factory  
  22  2:10  SCV  
  22  2:14  Refinery  
  23  2:22  SCV  
  24  2:23  Barracks Reactor  
  24  2:33  Barracks  
  24  2:34  SCV  
  25  2:46  SCV  
  25  2:50  Hellion  
  26  2:59  Marine  
  26  3:00  Marine  
  26  3:01  SCV  
  26  3:03  Supply Depot  
  29  3:11  Widow Mine  
  31  3:25  Marine x2, SCV  
  33  3:27  Orbital Command  
  33  3:31  Barracks Tech Lab  
  34  3:37  SCV  
  33  3:43  Marine x2  
  35  3:49  Orbital Command  
  35  3:52  Cyclone  
  38  3:56  Barracks Tech Lab, SCV  
  38  4:00  Marine x2  
  41  4:06  Supply Depot  
  41  4:16  Stimpack  
  38  4:17  Marine  
  38  4:18  Marine x2  
  38  4:20  SCV, Orbital Command  
  40  4:29  Starport  
  40  4:33  SCV  
  40  4:35  Marine  
  40  4:36  Marine  
  41  4:45  SCV  
  42  4:46  Marine  
  42  4:47  Factory Reactor, SCV  
  44  4:53  Marine  
  44  4:55  Marine, Supply Depot  
  44  4:57  SCV  
  44  4:59  SCV  
  48  5:04  Marine  
  49  5:09  SCV  
  49  5:11  Marine, Engineering Bay  
  52  5:14  SCV  
  52  5:22  SCV  
  52  5:24  Marine x2  
  52  5:26  SCV  
  52  5:27  Medivac x2  
  60  5:32  Siege Tank, Supply Depot  
  64  5:39  Terran Infantry Weapons Level 1  
  64  5:40  Marine  
  64  5:44  SCV x2  
  64  5:45  Supply Depot  
  64  5:46  Marine x2  
  68  5:52  Barracks  
  68  5:56  SCV  
  69  5:58  Marine  
  71  6:07  Supply Depot x2  
  71  6:08  Siege Tank  
  71  6:10  Marine x2  
  75  6:14  Medivac  
  75  6:16  Marine  
  77  6:18  Combat Shield  
  77  6:21  SCV x2  
  79  6:27  Marine x2  
  81  6:35  Marine  
  81  6:37  SCV x2  
  84  6:45  Marine  
  84  6:47  Starport Reactor  
  84  6:50  Marine  
  84  6:53  Marauder, Widow Mine x2  
  89  6:55  Refinery  
  89  6:56  Marauder  
  89  6:58  Supply Depot  
  90  7:04  Marine  
  90  7:07  Supply Depot  
  91  7:14  Widow Mine, Bunker  
  91  7:15  Marauder, Widow Mine  
  99  7:17  Supply Depot x2  
  97  7:24  SCV x2  
  97  7:25  Medivac  
  98  7:31  Medivac  
  98  7:36  Marine, Marauder, SCV x2  
  107  7:37  Marauder  
  107  7:38  Widow Mine  
  108  7:45  Marine  
  108  7:53  Widow Mine  
  108  7:54  Marine  
  108  7:57  Barracks, Terran Infantry Armor Level 1  
  111  7:58  Barracks  
  111  8:07  Marine, Marauder  
  111  8:08  Marauder  
  118  8:14  Widow Mine x2  
  118  8:16  Marine  
  118  8:19  Supply Depot x2  
  121  8:20  Supply Depot  
  121  8:24  Medivac  
  121  8:25  Marine  
  124  8:28  Marine  
  125  8:36  Marine  
  125  8:40  Marine  
  125  8:41  Widow Mine x2  
  125  8:51  Marine x3  
  125  8:53  SCV x2  
  125  8:54  Marauder  
  130  8:59  Marauder, Liberator x2  
  130  9:02  Widow Mine x2  
  140  9:12  Marine  
  143  9:22  Marine, Concussive Shells  
  143  9:24  Marine, Marauder, Supply Depot  
  147  9:25  Supply Depot  
  147  9:26  Marine  
  146  9:35  Marine, Marauder  
  149  9:39  Marine  
  149  9:40  Widow Mine  
  149  9:42  Liberator  
  136  9:50  Marauder  
  127  9:56  Marauder, Widow Mine  
  133  10:01  Marine  
  133  10:04  Marine x2  
  133  10:06  Marine  
  133  10:11  Marauder  
  116  10:19  Marine  
  116  10:20  Marauder  
  105  10:23  Marine  
  100  10:32  Marine  
  100  10:40  Medivac  
  94  10:47  Marine  
  94  10:48  Marauder  
  86  10:52  Widow Mine  
  81  10:59  Marine x2  
  81  11:02  Marine  
  85  11:10  Marine  
  85  11:11  Marine  
  85  11:16  Marine x2  
  96  11:18  Orbital Command  
  86  11:19  Widow Mine  
  86  11:22  Widow Mine  
  90  11:28  Marauder  
  90  11:29  Marauder  
  94  11:34  Marine x2  
  94  11:38  Marine x2  
  98  11:49  Marine, Medivac  
  98  11:50  Marine  
  98  11:54  Marine  
  102  11:59  Widow Mine x2  
  106  12:05  Marine x3  
  109  12:09  Marine  
  109  12:10  Marine  
  109  12:13  SCV  
  109  12:14  SCV  
Show
View Real Time Build Order
Export as new Build Order

Classic Protoss 

Build Orders: 1 Gate Expand, Oracle Opening 

Get SALT Encoding   

  12  0:00  Probe  
  13  0:12  Probe  
  14  0:18  Pylon  
  14  0:24  Probe  
  15  0:35  Probe  
  15  0:36  Gateway  
  16  0:43  Probe  
  16  0:48  Assimilator  
  17  0:52  Probe  
  18  1:04  Probe  
  19  1:16  Probe  
  20  1:25  Cybernetics Core  
  20  1:36  Nexus  
  20  1:42  Pylon  
  20  1:46  Probe  
  21  1:50  Assimilator  
  21  1:52  Adept  
  21  1:58  Probe  
  24  2:09  Stalker  
  24  2:10  Probe  
  25  2:22  Probe  
  28  2:30  Stargate  
  28  2:34  Probe  
  29  2:37  Stalker  
  31  2:48  Probe x2, Warp Gate  
  33  2:56  Probe  
  33  3:00  Probe  
  33  3:04  Probe  
  33  3:05  Oracle  
  35  3:12  Probe  
  37  3:16  Probe  
  41  3:24  Probe  
  42  3:29  Probe  
  42  3:30  Stalker  
  45  3:36  Probe  
  45  3:37  Pylon  
  46  3:45  Oracle  
  46  3:47  Gateway  
  46  3:49  Gateway  
  46  3:55  Probe x2  
  50  4:03  Assimilator  
  50  4:05  Assimilator  
  50  4:07  Probe x2  
  50  4:09  Pylon  
  51  4:19  Probe x2  
  53  4:27  Probe  
  53  4:29  Twilight Council  
  53  4:30  Forge  
  51  4:31  Probe  
  51  4:35  Probe  
  50  4:43  Probe  
  52  4:46  Probe, Protoss Ground Weapons Level 1  
  52  4:52  Nexus  
  53  4:54  Pylon  
  53  4:55  Sentry, Adept  
  53  4:56  Adept, Resonating Glaives  
  53  4:59  Pylon  
  59  5:21  Gateway x2  
  59  5:23  Gateway  
  59  5:32  Gateway  
  59  5:33  Gateway  
  59  5:34  Sentry  
  61  5:36  Adept  
  61  5:39  Adept  
  65  5:43  Probe x2  
  67  5:55  Probe x2  
  69  5:58  Adept x2  
  69  5:59  Adept  
  75  6:15  Pylon  
  75  6:20  Probe x3  
  78  6:26  Adept x2  
  78  6:27  Adept x5  
  78  6:31  Pylon  
  92  6:39  Adept  
  94  6:40  Protoss Ground Armor Level 1  
  94  6:42  Pylon  
  92  6:47  Pylon x2  
  92  6:52  Twilight Council  
  92  7:01  Probe x2  
  94  7:03  Pylon  
  94  7:04  Probe  
  94  7:05  Robotics Facility  
  95  7:12  Stalker x3  
  101  7:20  Pylon  
  101  7:21  Probe x3  
  102  7:30  Blink  
  102  7:34  Probe x2  
  102  7:35  Probe, Pylon  
  102  7:36  Pylon  
  105  7:38  Stalker x3  
  107  7:45  Warp Prism  
  107  7:54  Probe x3  
  107  7:58  Templar Archives  
  112  7:59  Stalker  
  112  8:11  Assimilator  
  115  8:14  Assimilator  
  112  8:20  Observer, Stalker x2  
  112  8:21  Stalker x4  
  112  8:23  Stalker  
  112  8:26  Stalker  
  129  8:32  Immortal  
  128  8:55  Adept x8  
  144  9:05  Pylon  
  144  9:06  Pylon  
  144  9:18  Stalker x3  
  148  9:27  Adept x3  
  148  9:28  Adept  
  148  9:33  Protoss Ground Weapons Level 2  
  128  9:46  Adept x4  
  128  9:53  Psionic Storm  
  128  9:55  Adept x4  
  128  9:56  Immortal  
  140  10:13  Adept x3  
  140  10:14  Adept  
  134  10:17  Adept x2  
  118  10:25  Adept x2  
  108  10:28  Immortal  
  108  10:34  Stalker  
  108  10:35  Stalker x3  
  112  10:42  Adept x2  
  90  10:46  Adept x2  
  56  11:00  Stalker x4  
  45  11:12  Adept x3  
  45  11:16  Adept  
  52  11:26  Adept x2, Immortal  
  58  11:40  Adept  
  60  11:49  Sentry x2  
  60  11:51  Stalker  
  66  12:04  Stalker x2  
  70  12:10  Stalker  
  70  12:19  Stalker  

Tags
 
Add a new tag
Caveats
  • Supply blocks, unpowered buildings, or Contaminate may cause inaccurate times.
  • Supply counts are checked every 10 seconds.